 Dungeon Crawl Stone Soup version 0.30-a0-1103-g25895a7845 (webtiles) character file.

Game seed: 13594821536763568461

130 bande the Covered (level 5, -2/33 HPs)
             Began as a Gargoyle Fighter on Apr 18, 2023.
             Killed by nerve-wracking pain
             ... invoked by Grinder
              (7 damage)
             ... on level 3 of the Dungeon.
             The game lasted 00:02:28 (2071 turns).

bande the Covered (Gargoyle Fighter)                Turns: 2071, Time: 00:02:29

Health: -2/33      AC: 14    Str: 20    XL:     5   Next: 13%
Magic:  5/5        EV:  7    Int:  8    God:
Gold:   635        SH:  4    Dex: 11    Spells: 4/4 levels left

rFire   . . .      SeeInvis .    a - +0 war axe
rCold   + . .      Faith    .    c - +0 buckler
rNeg    + . .      Spirit   .    o - +0 chain mail {rC+}
rPois   ∞          Reflect  .    (no helmet)
rElec   +          Rampage  .    (no cloak)
rCorr   .                        k - +0 pair of gloves
Will    .....                    (no boots) Stlth
                                 (no amulet)
HPRegen 0.25/turn                (no ring)
MPRegen 0.09/turn                (no ring)

@: no status effects
A: sickness immunity, AC +4, negative energy resistance 1, electricity
resistance, torment resistance 1, petrification resistance
a: no special abilities


You were on level 3 of the Dungeon.
You visited 1 branch of the dungeon, and saw 3 of its levels.

You collected 635 gold pieces.

Inventory:

Hand Weapons
 a - a +0 war axe (weapon)
Armour
 c - a +0 buckler (worn)
 k - a +0 pair of gloves (worn)
 o - a +0 chain mail of cold resistance (worn)
Wands
 h - a wand of mindburst (12)
 m - a wand of roots (14)
Scrolls
 i - a scroll of fear {unknown}
 n - a scroll of teleportation {unknown}
Potions
 d - a potion of might
 e - a potion of degeneration {unknown}
 f - 2 potions of curing {unknown}
 g - a potion of resistance {unknown}
 j - a potion of flight {unknown}
 l - a potion of lignification {unknown}


   Skills:
 + Level 3.9 Fighting
 + Level 3.1 Axes
 + Level 4.1 Armour
 + Level 3.8 Shields
 * Level 0.9 Evocations


You had 4 spell levels left.
You didn't know any spells.
Your spell library was empty.

Dungeon Overview and Level Annotations

Branches:
Dungeon (3/15)

Altars:
The Shining One

Annotations:
D:3 Grinder


Innate Abilities, Weirdness & Mutations

You are immune to sickness and miasma.
Your stone body is resilient. (AC +4)
You are immune to poison.
You resist negative energy. (rN+)
You are resistant to electric shocks. (rElec)
You are resistant to unholy torment.
You are immune to petrification.


Message History

An endoplasm comes into view.
The hobgoblin hits you but does no damage.
Grinder gestures at you.
You barely resist. The bat hits you but does no damage.
The worm barely misses you. The hobgoblin barely misses you.
Grinder zaps a wand.
The roots erupt in riotous growth!
The grasping roots grab you!
The worm is unaffected.
Grinder is unaffected.
The hobgoblin is unaffected.
The bat is unaffected.
The grasping roots constrict you.
You completely miss Grinder.
Grinder is severely wounded.
You closely miss the bat. You hit the worm. You hit the hobgoblin.
The bat hits you. The bat barely misses you. You block the hobgoblin's attack.
Grinder blinks!
The grasping roots constrict you. The worm bites you.
Unknown command.
You escape the roots grasp.
The bat hits you but does no damage. The bat barely misses you.
You block the hobgoblin's attack. Grinder hits you but does no damage.
You closely miss Grinder.
Grinder is severely wounded.
You barely miss the hobgoblin. You hit the bat.
You kill the bat!
The hobgoblin barely misses you. Grinder barely misses you.
The hobgoblin barely misses you.
Grinder zaps a wand.
The roots erupt in riotous growth!
The grasping roots grab you!
The worm is unaffected.
Grinder is unaffected.
The hobgoblin is unaffected.
The grasping roots constrict you.
You closely miss Grinder.
Grinder is severely wounded.
You hit the hobgoblin.
You kill the hobgoblin!
You hit the worm. The worm bites you but does no damage.
Grinder blinks!
The grasping roots constrict you!
* * * LOW HITPOINT WARNING * * *
The grasping roots release their grip on you.
Unknown command.
Grinder gestures at you. Pain shoots through your body!
You die...

.##.# ###.........# # #.
.#..# ##...........# #
.. .... #...........####
.###..# #..........##...
.#...# #.#........#>.8.
#.#..# #.#........##...
##.##.###.#.>.......####
#...#!....#..........
#Jw§@.............
#...#.......######
##.##.....§5#
#!#......≈.# #
#......≈.# .......^≈.#
+.........# #.........#


You could see Grinder, a worm and an endoplasm.

Vanquished Creatures
  Terence (D:3)
  An orc wizard (D:3)
  3 adders
  2 orcs (D:3)
  3 ball pythons (D:1)
  3 endoplasms
  A goblin (D:1)
  10 hobgoblins
  4 jackals (D:1)
  4 kobolds
  2 quokkas (D:2)
  7 bats
  8 rats
49 creatures vanquished.

Notes
Turn   | Place    | Note
-------+----------+-------------------------------------------
     0 | D:1      | bande the Gargoyle Fighter began the quest for the Orb.
     0 | D:1      | Reached XP level 1. HP: 14/14 MP: 1/1
    88 | D:1      | Reached XP level 2. HP: 16/19 MP: 2/2
   608 | D:1      | Reached XP level 3. HP: 22/23 MP: 3/3
  1117 | D:2      | Identified a scroll of acquirement
  1117 | D:2      | Acquired 559 gold pieces
  1579 | D:2      | Found a glowing golden altar of the Shining One.
  1938 | D:3      | Reached XP level 4. HP: 29/29 MP: 4/4
  1965 | D:3      | Noticed Terence
  1974 | D:3      | Killed Terence
  1976 | D:3      | Reached skill level 4 in Armour
  2000 | D:3      | Reached XP level 5. HP: 33/33 MP: 5/5
  2056 | D:3      | Noticed Grinder
  2056 | D:3      | Paralysed by Grinder for 2 turns
  2071 | D:3      | Killed from afar by Grinder

Illustrated notes

Levels and vault maps discovered:
D:1:      lightli_arrival_windingriver, layout_loops_corners,
          chequers_hall_statues_corner_a
D:2:      layout_basic, basic_altar
D:3:      layout_basic, mainiacjoe_overflow_boulevard, grunt_ministairs_4,
          minmay_ruptured, uniq_grinder, uniq_terence

Skill      XL: |  1  2  3  4 |
---------------+-------------+-----
Axes           | 2 3 |  3.1
Armour         | 4 |  4.1
Fighting       | |  3.9
Shields        | |  3.8
Evocations     | |  0.9

Action                     |  1- 3 |  4- 6 || total
---------------------------+-------+-------++-------
  Melee: War axe           |    94 |    28 ||   122
    Use: Scroll            |     2 |       ||     2
 Armour: Scale mail        |    44 |    19 ||    63
         Chain mail        |       |    25 ||    25
  Dodge: Dodged            |    50 |    28 ||    78
  Block: Buckler           |    18 |    13 ||    31

Table legend: (Time is in decaauts)
 A = Elapsed time spent in this place.
 B = Non-inter-level travel time spent in this place.
 C = Inter-level travel time spent in this place.
 D = Time resting spent in this place.
 E = Time spent auto-exploring this place.
 F = Levels seen in this place.
 G = Mean time per level.
                   A        B        C        D        E       F      G
               +--------+--------+--------+--------+--------+-----+--------+
         Total |   2124 |   2003 |    121 |      0 |   1653 |   3 |  708.0 |
       Dungeon |   2124 |   2003 |    121 |      0 |   1653 |   3 |  708.0 |
               +--------+--------+--------+--------+--------+-----+--------+

Top non-repeatable levels by time:
     D:1: 1096 daAuts
     D:2: 860 daAuts
     D:3: 167 daAuts
